 Dungeon Crawl Stone Soup version 0.29.0-4-gdea44cf6ec (webtiles) character file.

Game seed: 5239122205822607096

385 qw the Chopper (level 6, -1/38 HPs)
             Began as a Gargoyle Berserker on Sept 8, 2022.
             Was a Believer of Trog.
             Killed by divine providence
             ... invoked by an orc priest
              (8 damage)
             ... on level 4 of the Dungeon.
             The game lasted 00:01:23 (4352 turns).

qw the Chopper (Gargoyle Berserker)                 Turns: 4352, Time: 00:01:23

Health: -1/38      AC: 10    Str: 29    XL:     6   Next: 77%
Magic:  6/6        EV: 10    Int:  7    God:    Trog [**....]
Gold:   111        SH:  0    Dex:  9    Spells: 5/5 levels left

rFire   + . .      SeeInvis .   Y - +1 hand axe
rCold   . . .      Faith    .   (no shield)
rNeg    + . .      Spirit   .   f - +0 scale mail
rPois   inf        Reflect  .   (no helmet)
rElec   +          Harm     .   (no cloak)
rCorr   .          Rampage  .   (no gloves)
Will    .....                   (no boots)
Stlth   ..........              (no amulet)
HPRegen 0.12/turn               g - ring of protection from fire
MPRegen 0.10/turn               a - +6 ring of strength

@: on berserk cooldown, slowed, very slow
A: sickness immunity, AC +4, negative energy resistance 1, electricity
resistance, torment resistance 1, petrification resistance
a: Renounce Religion, Berserk, Trog's Hand


You were on level 4 of the Dungeon.
You worshipped Trog.
Trog was pleased with you.
You visited 1 branch of the dungeon, and saw 4 of its levels.

You collected 111 gold pieces.


Innate Abilities, Weirdness & Mutations

You are immune to sickness and miasma.
Your stone body is resilient. (AC +4)
You are immune to poison.
You resist negative energy. (rN+)
You are resistant to electric shocks. (rElec)
You are resistant to unholy torment.
You are immune to petrification.


   Skills:
 - Level 4.0 Fighting
 + Level 6.4 Axes
 - Level 2.1 Armour
 - Level 1.5 Dodging


You had 5 spell levels left.
You didn't know any spells.
Your spell library was empty.

Inventory:

Hand Weapons
 m - a +0 flail
 Y - a +1 hand axe (weapon)
Armour
 b - a +0 helmet
 f - a +0 scale mail (worn)
Jewellery
 a - a +6 ring of strength (right hand)
 g - a ring of protection from fire (left hand)
Potions
 c - a potion of attraction {unknown}
 e - a potion of curing
 h - a potion of lignification {unknown}
 i - a potion of degeneration {unknown}
 j - a potion of haste {unknown}
 k - a potion of flight {unknown}
 n - a potion of mutation {unknown}
 o - a potion of berserk rage {unknown}
 p - a potion of brilliance {unknown}

Dungeon Overview and Level Annotations

Branches:
Dungeon (4/15)
 Temple: D:4-7

Altars:
Hepliaklqana
Qazlal
Wu Jian

Annotations:
D:4 Pikel


Message History

Your surroundings suddenly seem different. 3 lemures, an orc wizard, 4 orcs and 2 orc priests come into view.
The lemure shouts! x2; The orc wizard shouts!
The orc shouts!
The orc priest shouts!
The orc shouts! x2; The orc priest shouts!
The orc hits you but does no damage.
The orc priest hits you with a +0 hand axe.
A kobold comes into view. It is wielding a +0 dagger.
The orc hits you with a +0 club.
The orc priest looks braver for a moment.
The orc hits you but does no damage. The orc priest closely misses you.
A lemure comes into view.
Enter note: The lemure shouts!
The kobold shouts!
You slash the orc priest!
The orc priest is severely wounded.
You barely miss the orc.
You hit the orc priest but do no damage.
You hit the orc but do no damage.
The orc priest hits you with a +0 hand axe.
The orc barely misses you.
The orc priest hits you but does no damage.
Pikel, Merchant of Souls comes into view.
He is wielding a +0 whip of flaming.
You closely miss the orc priest.
The orc priest is severely wounded.
Pikel shouts!
You hit the orc. You closely miss the orc wizard. You hit the orc priest.
You slash the orc!
You kill the orc!
Trog accepts your kill.
You hit the orc.
The orc priest hits you but does no damage.
The orc wizard hits you but does no damage.
The orc barely misses you.
The orc priest hits you with a +0 hand axe.
The orc hits you but does no damage. x3
The orc wizard hits you but does no damage.
The orc priest hits you with a +0 hand axe.
The orc priest invokes the aid of Beogh against you.
Beogh smites you!
You die...

.).# )..# ##.
.... ...
#..#.... ...
#..## .........
...#.... .
.....####
##...... #.#
.....#
.###.#....#..
.....#
.......o...#
.......
......ooo.#
.#....#.
......o@#
......#
......o.55....#
....#.#
......#.......#
.####..
...##.#.#.5....
.# .. K
..##....# . ..
..# ..... ..
.K. ...# ...
.... ....


You could see Pikel, 3 lemures, 2 orc priests, an orc wizard, 3 orcs and a
kobold.

Vanquished Creatures
  A howler monkey (D:4)
  An orc priest (D:4)
  2 orc wizards (D:4)
  Natasha (thrice) (D:2)
  Robin (D:4)
  4 gnolls (D:3)
  6 adders
  A worm (D:3)
  A dart slug (D:2)
  5 orcs (D:4)
  6 ball pythons
  7 bats
  5 endoplasms
  15 goblins
  4 hobgoblins
  7 jackals
  3 quokkas (D:1)
  6 frilled lizards
  5 kobolds
  5 rats
88 creatures vanquished.

Vanquished Creatures (others)
  3 fungi (D:4)
  4 plants (D:4)
7 creatures vanquished.

Grand Total: 95 creatures vanquished

Notes
Turn   | Place    | Note
-------+----------+-------------------------------------------
     0 | D:1      | qw the Gargoyle Berserker began the quest for the Orb.
     0 | D:1      | Reached XP level 1. HP: 14/14 MP: 1/1
     0 | D:1      | 0 ||| qw: Version: 0.1-a-112-g44dc6cd
     0 | D:1      | 0 ||| qw: Game counter: 6847
     0 | D:1      | 0 ||| qw: Always use a shield: true
     0 | D:1      | 0 ||| qw: Do Orc after D:15 true
     0 | D:1      | 0 ||| qw: Do second Lair branch before Depths: true
     0 | D:1      | 0 ||| qw: Lair rune preference: random
     0 | D:1      | 0 ||| qw: Plans: Normal
     0 | D:1      | 0 ||| PLANNING D:1-11
   297 | D:1      | Reached skill level 3 in Axes
   410 | D:1      | Reached XP level 2. HP: 15/19 MP: 2/2
   805 | D:1      | 805 ||| INVOKING Berserk.
  1068 | D:1      | Reached XP level 3. HP: 23/23 MP: 3/3
  1698 | D:1      | 1698 ||| UPGRADING to ring of protection from fire.
  1699 | D:1      | 1699 ||| READING scroll labelled ATHATZETTU.
  1700 | D:1      | 1700 ||| READING scroll labelled FUROARH KICLO.
  1701 | D:1      | 1701 ||| READING scroll labelled SEREC FITI.
  1702 | D:1      | 1702 ||| DRINKING 2 emerald potions.
  1798 | D:2      | Reached skill level 4 in Axes
  1801 | D:2      | 1801 ||| Stepping ~*~*~tactically~*~*~ (stealth).
  1802 | D:2      | 1802 ||| Stepping ~*~*~tactically~*~*~ (stealth).
  1829 | D:2      | 1829 ||| Stepping ~*~*~tactically~*~*~ (stealth).
  1830 | D:2      | 1830 ||| Stepping ~*~*~tactically~*~*~ (stealth).
  1943 | D:2      | Reached ** piety under Trog
  1964 | D:2      | 1964 ||| Stepping ~*~*~tactically~*~*~ (stealth).
  1994 | D:2      | Reached XP level 4. HP: 25/28 MP: 4/4
  2057 | D:2      | Found a faded altar of an unknown god.
  2320 | D:2      | 2320 ||| Stepping ~*~*~tactically~*~*~ (stealth).
  2368 | D:2      | Noticed Natasha
  2374 | D:2      | 2374 ||| INVOKING Berserk.
  2380 | D:2      | Killed Natasha
  2405 | D:2      | Noticed Natasha
  2411 | D:2      | HP: 6/28 [Natasha (5)]
  2412 | D:2      | 2412 ||| DRINKING potion of heal wounds.
  2418 | D:2      | Killed Natasha
  2419 | D:2      | Reached skill level 5 in Axes
  2419 | D:2      | Reached XP level 5. HP: 13/32 MP: 5/5
  2758 | D:2      | Noticed Natasha
  2759 | D:2      | 2759 ||| Stepping ~*~*~tactically~*~*~ (stealth).
  2761 | D:2      | 2761 ||| FLEEEEING.
  2767 | D:2      | 2767 ||| FLEEEEING.
  2768 | D:2      | 2768 ||| FLEEEEING.
  2770 | D:2      | 2770 ||| FLEEEEING.
  2771 | D:2      | 2771 ||| FLEEEEING.
  2772 | D:2      | 2772 ||| FLEEEEING.
  2773 | D:2      | 2773 ||| FLEEEEING.
  2776 | D:2      | 2776 ||| FLEEEEING.
  2777 | D:2      | 2777 ||| FLEEEEING.
  2778 | D:2      | 2778 ||| FLEEEEING.
  2782 | D:2      | 2782 ||| FLEEEEING.
  2786 | D:2      | 2786 ||| FLEEEEING.
  2787 | D:2      | 2787 ||| FLEEEEING.
  2791 | D:2      | 2791 ||| STAIRDANCE
  2916 | D:1      | 2916 ||| UPGRADING to +0 scale mail.
  2926 | D:1      | 2926 ||| DROPPING +0 animal skin.
  2927 | D:1      | 2927 ||| UPGRADING to +6 ring of strength.
  2928 | D:1      | 2928 ||| READING scroll labelled YVATOYTIHO.
  2929 | D:1      | 2929 ||| READING scroll labelled QAMABE QEXICO.
  3033 | D:2      | 3033 ||| INVOKING Berserk.
  3034 | D:2      | Killed Natasha
  3281 | D:2      | 3281 ||| DRINKING 3 dark potions.
  3329 | D:3      | 3329 ||| DROPPING +0 club.
  3540 | D:3      | 3540 ||| INVOKING Berserk.
  3599 | D:3      | Found a stormy altar of Qazlal.
  3657 | D:3      | Found an ornate altar of the Wu Jian Council.
  3999 | D:3      | 3999 ||| READING scroll labelled XUL PERE OXOKH.
  4000 | D:3      | 4000 ||| READING 2 scrolls labelled VIOFEI ZUNIAPS.
  4027 | D:4      | Noticed Robin
  4035 | D:4      | 4035 ||| INVOKING Berserk.
  4038 | D:4      | Reached XP level 6. HP: 37/38 MP: 6/6
  4040 | D:4      | Killed Robin
  4167 | D:4      | Found a hazy altar of Hepliaklqana.
  4170 | D:4      | 4170 ||| Stepping ~*~*~tactically~*~*~ (hiding).
  4172 | D:4      | 4172 ||| Stepping ~*~*~tactically~*~*~ (hiding).
  4173 | D:4      | 4173 ||| Stepping ~*~*~tactically~*~*~ (hiding).
  4174 | D:4      | 4174 ||| Stepping ~*~*~tactically~*~*~ (hiding).
  4177 | D:4      | 4177 ||| INVOKING Berserk.
  4306 | D:4      | 4306 ||| Stepping ~*~*~tactically~*~*~ (stealth).
  4307 | D:4      | 4307 ||| Stepping ~*~*~tactically~*~*~ (stealth).
  4308 | D:4      | 4308 ||| Stepping ~*~*~tactically~*~*~ (hiding).
  4313 | D:4      | 4313 ||| INVOKING Berserk.
  4319 | D:4      | Reached skill level 6 in Axes
  4345 | D:4      | HP: 8/38 [orc/+0 dagger (2)]
  4346 | D:4      | 4346 ||| DRINKING 2 potions of curing.
  4346 | D:4      | 4346 ||| (to cure confusion)
  4348 | D:4      | 4348 ||| READING scroll of teleportation.
  4349 | D:4      | 4349 ||| DRINKING potion of heal wounds.
  4352 | D:4      | Noticed Pikel
  4352 | D:4      | HP: 9/38 [orc priest/+0 hand axe (2)]
  4352 | D:4      | Killed from afar by an orc priest

Levels and vault maps discovered:
D:1:      dpeg_arrival_simpleton_b, layout_basic, patterned_corridor
D:2:      layout_basic, hellmonk_ecumenical_altar_arch_garden, uniq_natasha
D:3:      layout_loops_ring, nzn_wu_jian_council_hall,
          lemuel_coloured_pillars_altar
D:4:      layout_cave_pools, old_standard_altar, kennysheep_little_box,
          fedhas_altar_3, uniq_pikel, uniq_robin

Skill      XL: |  1  2  3  4  5  6 |
---------------+-------------------+-----
Axes           | 3 4 5 6 |  6.4
Fighting       | 4 |  4.0
Armour         | |  2.1
Dodging        | |  1.5

Action                   |  1- 3 |  4- 6 || total
-------------------------+-------+-------++-------
Melee: Hand axe          |    97 |   146 ||   243
       Punch             |       |     2 ||     2
Invok: Berserk           |     1 |     6 ||     7
  Use: Scroll            |     3 |     5 ||     8
       Potion            |     1 |     4 ||     5
Armor: Animal skin       |    33 |    37 ||    70
       Scale mail        |       |    59 ||    59
Dodge: Dodged            |    49 |    84 ||   133

Table legend:
 A = Non-vault XP
 B = Vault XP
 C = Vault XP percentage of total XP
 D = Non-vault monster count
 E = Vault monster count
 F = Vault count percentage of total count
                 A         B        C        D         E       F
            +---------+---------+-------+---------+---------+-------
      Total |     483 |      70 |  12.7 |      76 |      12 |  13.6
            +---------+---------+-------+---------+---------+-------
        D:1 |      43 |       0 |   0.0 |      25 |       0 |   0.0
        D:2 |     161 |      35 |  17.9 |      29 |       1 |   3.3
        D:3 |      69 |       0 |   0.0 |      10 |       0 |   0.0
        D:4 |     210 |      35 |  14.3 |      12 |      11 |  47.8
            +---------+---------+-------+---------+---------+-------
